[Event "VI Sunway Sitges Open 2019"]
[Site "Sitges"]
[Date "2019.12.14"]
[Round "2.48"]
[White "Toshali, V."]
[Black "Shivika Rohilla"]
[Result "1-0"]
[ECO "D02"]
[WhiteElo "2083"]
[BlackElo "1744"]
[Annotator "NA"]
[PlyCount "127"]
[EventDate "2019.12.13"]
[EventType "swiss"]
[EventCountry "ESP"]
[SourceTitle "playchess.com"]
[Source "ChessBase"]
[SourceQuality "1"]
[TimeControl "40/5400+30:1800+30"]

1. d4 d5 2. Nf3 Nf6 3. Bf4 e6 4. e3 Bd6 5. Bxd6 Qxd6 6. c4 Qb4+ 7. Nbd2 Qxb2 8. Bd3 Qa3 9. Qe2 Nbd7 10. c5 c6 11. O-O Qa5 12. Nh4 Qd8 13. g3 O-O 14. f4 b6 15. cxb6 axb6 16. Nhf3 c5 17. Ne5 c4 18. Bc2 Ba6 19. Ndf3 Ne4 20. Qg2 f6 21. Nc6 Qc7 22. Nb4 Bb7 23. Qh3 Qd6 24. a3 Ra5 25. f5 exf5 26. Qxf5 g6 27. Qh3 Rfa8 28. Bxe4 dxe4 29. Nd2 b5 30. Nc2 Bd5 31. Qh4 f5 32. Rf2 Ra4 33. g4 fxg4 34. Qxg4 Nf6 35. Qg5 Nd7 36. Raf1 Rf8 37. Nb1 Raa8 38. Nc3 Bc6 39. Rxf8+ Rxf8 40. Rxf8+ Qxf8 41. d5 Bb7 42. Nxe4 Qf5 43. Qxf5 gxf5 44. Nc3 Nf6 45. d6 Bc6 46. Nd4 Bd7 47. Ndxb5 Ng4 48. a4 Nxe3 49. a5 Kf7 50. Nc7 f4 51. a6 Nf5 52. a7 Bc6 53. N3b5 c3 54. Nxc3 Nxd6 55. a8=Q Bxa8 56. Nxa8 Kf6 57. Nc7 f3 58. Kf2 Kg5 59. Kxf3 Kh4 60. Kg2 Nc4 61. Nd1 Ne5 62. Nf2 h6 63. Ne6 h5 64. Nd4 1-0

[Event "VI Sunway Sitges Open 2019"]
[Site "Sitges"]
[Date "2019.12.14"]
[Round "2.49"]
[White "Isaksson, Max"]
[Black "Fogel, Pierre"]
[Result "0-1"]
[ECO "B40"]
[WhiteElo "1713"]
[BlackElo "2078"]
[Annotator "NA"]
[PlyCount "66"]
[EventDate "2019.12.13"]
[EventType "swiss"]
[EventCountry "ESP"]
[SourceTitle "playchess.com"]
[Source "ChessBase"]
[SourceQuality "1"]
[TimeControl "40/5400+30:1800+30"]

1. e4 c5 2. Nf3 e6 3. d4 cxd4 4. Nxd4 Nc6 5. Nxc6 bxc6 6. Bd3 d5 7. O-O Nf6 8. Nd2 Be7 9. Qe2 O-O 10. b3 a5 11. a4 Qb6 12. Bb2 Ba6 13. Bxa6 Qxa6 14. Qf3 Rab8 15. Qg3 Rfd8 16. f4 Qe2 17. Rad1 dxe4 18. Rfe1 Qh5 19. Qg5 Rd5 20. Qxh5 Nxh5 21. Nxe4 Rbd8 22. Rxd5 cxd5 23. Ng3 Nxf4 24. Be5 Bd6 25. Bc3 Rc8 26. Bxa5 Rxc2 27. Rb1 Nxg2 28. b4 Nh4 29. b5 Nf3+ 30. Kf1 Nxh2+ 31. Kg1 Bxg3 32. b6 Nf3+ 33. Kf1 Rf2# 0-1

[Event "VI Sunway Sitges Open 2019"]
[Site "Sitges"]
[Date "2019.12.14"]
[Round "2.50"]
[White "Rosh Jain"]
[Black "Huguet, Sergio"]
[Result "1/2-1/2"]
[ECO "B27"]
[WhiteElo "1697"]
[BlackElo "2076"]
[Annotator "NA"]
[PlyCount "115"]
[EventDate "2019.12.13"]
[EventType "swiss"]
[EventCountry "ESP"]
[SourceTitle "playchess.com"]
[Source "ChessBase"]
[SourceQuality "1"]
[TimeControl "40/5400+30:1800+30"]

1. e4 c5 2. Nf3 g6 3. d4 cxd4 4. Qxd4 Nf6 5. e5 Nc6 6. Qa4 Nd5 7. Qe4 Nc7 8. Bd3 Bg7 9. Nc3 Ne6 10. Be3 Qa5 11. Bb5 a6 12. Bxc6 bxc6 13. O-O Rb8 14. Rab1 O-O 15. b4 Qc7 16. Rfe1 d5 17. Qh4 Rd8 18. a4 d4 19. Nxd4 Bxe5 20. Nxe6 Bxe6 21. Ne4 Bf5 22. Ng5 h5 23. Nf3 Bxc2 24. Rbc1 Bf6 25. Bf4 Qb7 26. Qg3 Bxa4 27. Bxb8 Rxb8 28. Rc4 Bb3 29. Rxc6 Bd5 30. Rxa6 Qxb4 31. Ra4 Qb6 32. Ne5 h4 33. Qf4 g5 34. Qf5 Be6 35. Qe4 Qb5 36. Raa1 Bd5 37. Qf5 Be6 38. Qe4 Bd5 39. Qc2 Bb3 40. Qe2 Qxe2 41. Rxe2 Rb5 42. Rae1 Be6 43. Nf3 g4 44. Nd2 Bd4 45. Ne4 Kg7 46. Rd2 Bb6 47. Rdd1 Bf5 48. Rb1 Rxb1 49. Rxb1 Bxf2+ 50. Kxf2 Bxe4 51. Rb4 f5 52. g3 hxg3+ 53. hxg3 Kf6 54. Rb6+ e6 55. Ke3 Bd5 56. Kf4 Bc4 57. Rc6 Bd5 58. Ra6 1/2-1/2

[Event "VI Sunway Sitges Open 2019"]
[Site "Sitges"]
[Date "2019.12.14"]
[Round "2.51"]
[White "Dhrupad Kashyap"]
[Black "Zheng, Harry Z"]
[Result "1/2-1/2"]
[ECO "A29"]
[WhiteElo "2073"]
[BlackElo "1704"]
[Annotator "NA"]
[PlyCount "82"]
[EventDate "2019.12.13"]
[EventType "swiss"]
[EventCountry "ESP"]
[SourceTitle "playchess.com"]
[Source "ChessBase"]
[SourceQuality "1"]
[TimeControl "40/5400+30:1800+30"]

1. c4 e5 2. d3 Nf6 3. Nf3 Nc6 4. g3 d5 5. cxd5 Nxd5 6. Bg2 Be6 7. O-O Be7 8. Nc3 O-O 9. Nxd5 Bxd5 10. Be3 f5 11. Rc1 Be6 12. Bc5 Bxc5 13. Rxc5 Qe7 14. b4 Bxa2 15. Qa4 Bf7 16. Qb5 e4 17. dxe4 fxe4 18. Ng5 Nd4 19. Qxb7 Nxe2+ 20. Kh1 Rab8 21. Qxe4 Qxe4 22. Bxe4 Rxb4 23. Bxh7+ Kh8 24. Bd3 Nd4 25. Nxf7+ Rxf7 26. Bc4 Rf5 27. Rxc7 Rf8 28. Rc5 g6 29. Rd1 Rxf2 30. Rc8+ Kg7 31. h4 Rc2 32. Be6 Rxc8 33. Bxc8 a5 34. Ra1 a4 35. Bd7 Ne2 36. Kh2 Rb7 37. Bxa4 Ra7 38. Re1 Nxg3 39. Kxg3 Rxa4 40. Re6 Kh6 41. Rb6 Kh5 1/2-1/2

[Event "VI Sunway Sitges Open 2019"]
[Site "Sitges"]
[Date "2019.12.14"]
[Round "2.52"]
[White "Isaksson, Philip"]
[Black "Parals Marce, Luis"]
[Result "0-1"]
[ECO "B07"]
[WhiteElo "1638"]
[BlackElo "2063"]
[Annotator "NA"]
[PlyCount "102"]
[EventDate "2019.12.13"]
[EventType "swiss"]
[EventCountry "ESP"]
[SourceTitle "playchess.com"]
[Source "ChessBase"]
[SourceQuality "1"]
[TimeControl "40/5400+30:1800+30"]

1. e4 d6 2. d4 Nf6 3. Nc3 e5 4. dxe5 dxe5 5. Qxd8+ Kxd8 6. Bg5 Bd6 7. O-O-O a6 8. Bc4 Be6 9. Bxe6 fxe6 10. f4 Nc6 11. Nf3 Ke7 12. f5 Bb4 13. Rhe1 Rad8 14. a3 Bxc3 15. bxc3 Rxd1+ 16. Rxd1 Rd8 17. Rxd8 Kxd8 18. Kd2 Kd7 19. Bxf6 gxf6 20. Ke3 Na5 21. Nd2 b5 22. Kd3 Nb7 23. c4 Nc5+ 24. Ke3 Kd6 25. g4 exf5 26. gxf5 Kc6 27. cxb5+ Kxb5 28. Nb3 Nb7 29. Kd3 Nd6 30. c3 c6 31. h3 h6 32. Na1 Ka4 33. Nc2 a5 34. Ne3 Kxa3 35. Ng4 Kb2 36. Nxf6 a4 37. Nd7 a3 38. Nxe5 a2 39. Nc4+ Nxc4 40. Kxc4 a1=Q 41. Kd4 Qg1+ 42. Ke5 Kxc3 43. f6 Qd4+ 44. Kf5 Qf2+ 45. Ke6 Kd4 46. e5 c5 47. Ke7 Kxe5 48. f7 Qf6+ 49. Ke8 Qe6+ 50. Kf8 Kf6 51. Kg8 Qxf7+ 0-1

[Event "VI Sunway Sitges Open 2019"]
[Site "Sitges"]
[Date "2019.12.14"]
[Round "2.53"]
[White "Mohamed Anees M"]
[Black "Varsha Ramesh"]
[Result "1-0"]
[ECO "E11"]
[WhiteElo "2056"]
[BlackElo "1669"]
[Annotator "NA"]
[PlyCount "133"]
[EventDate "2019.12.13"]
[EventType "swiss"]
[EventCountry "ESP"]
[SourceTitle "playchess.com"]
[Source "ChessBase"]
[SourceQuality "1"]
[TimeControl "40/5400+30:1800+30"]

1. d4 Nf6 2. c4 e6 3. Nf3 Bb4+ 4. Bd2 a5 5. g3 d6 6. Bg2 Nbd7 7. O-O Bxd2 8. Qxd2 O-O 9. Nc3 Qe7 10. Rac1 e5 11. Rfd1 c6 12. dxe5 dxe5 13. Na4 Qb4 14. Qc2 Nc5 15. Nxc5 Qxc5 16. Ne1 Qe7 17. Qc3 Bf5 18. Nf3 Rfe8 19. Nh4 Bg6 20. Nxg6 hxg6 21. c5 e4 22. Rd4 Nd5 23. Qc4 Nf6 24. Rcd1 Qe5 25. e3 Qf5 26. Qc2 Qh5 27. R1d2 Qf5 28. h3 g5 29. g4 Qe5 30. Ra4 Qc7 31. Bxe4 Nxe4 32. Rxe4 Rxe4 33. Qxe4 Rd8 34. Rc2 Rd1+ 35. Kg2 Qd8 36. Rc4 Rd2 37. Rd4 Rxd4 38. Qxd4 Qe7 39. Kg1 Kh7 40. Qc3 Qe4 41. a3 Qb1+ 42. Kh2 Qe4 43. Qxa5 Qe5+ 44. Kg1 Qxb2 45. Qb4 Qc1+ 46. Kg2 Qc2 47. Qxb7 Qe4+ 48. Kg1 Qd5 49. Qb1+ g6 50. Qc2 f5 51. gxf5 gxf5 52. a4 Qf3 53. Qc4 Kg7 54. Qd4+ Kf7 55. Qd7+ Kg6 56. a5 g4 57. Qd6+ Kf7 58. Qf4 Qd1+ 59. Kh2 gxh3 60. Qxf5+ Ke7 61. Qe5+ Kf7 62. Qc7+ Kg8 63. a6 Qf1 64. Qg3+ Kf7 65. a7 Qa1 66. Qc7+ Kf6 67. Qxc6+ 1-0

[Event "VI Sunway Sitges Open 2019"]
[Site "Sitges"]
[Date "2019.12.14"]
[Round "2.54"]
[White "Menac Comas, Joan Ramon"]
[Black "Franzoni Ladron de Guevara, Enric"]
[Result "1-0"]
[ECO "E60"]
[WhiteElo "1997"]
[BlackElo "1798"]
[Annotator "NA"]
[PlyCount "49"]
[EventDate "2019.12.13"]
[EventType "swiss"]
[EventCountry "ESP"]
[SourceTitle "playchess.com"]
[Source "ChessBase"]
[SourceQuality "1"]
[TimeControl "40/5400+30:1800+30"]

1. Nf3 Nf6 2. g3 g6 3. b3 Bg7 4. Bb2 c5 5. c4 Nc6 6. Bg2 d6 7. O-O O-O 8. d4 cxd4 9. Nxd4 Bd7 10. Nc3 Re8 11. Rc1 Nxd4 12. Qxd4 Bc6 13. Nd5 Qd7 14. a4 b6 15. Qh4 Nxd5 16. Bxg7 Kxg7 17. cxd5 Bb7 18. Bh3 e6 19. Rfd1 Rad8 20. dxe6 fxe6 21. a5 bxa5 22. Qd4+ Kg8 23. Qxa7 Ra8 24. Qd4 Rad8 25. Qb6 1-0

[Event "VI Sunway Sitges Open 2019"]
[Site "Sitges"]
[Date "2019.12.15"]
[Round "3.4"]
[White "Kovalenko, Igor"]
[Black "Kelires, Andreas"]
[Result "0-1"]
[ECO "C84"]
[WhiteElo "2647"]
[BlackElo "2510"]
[Annotator "RC"]
[PlyCount "132"]
[EventDate "2019.12.13"]
[EventType "swiss"]
[EventCountry "ESP"]
[SourceTitle "playchess.com"]
[Source "ChessBase"]
[SourceQuality "1"]
[TimeControl "40/5400+30:1800+30"]

1. e4 e5 2. Nf3 Nc6 3. Bb5 a6 4. Ba4 Nf6 5. O-O Be7 6. d3 b5 7. Bb3 d6 8. Bd2 O-O 9. Re1 Bg4 10. c3 Na5 11. Bc2 c5 12. h3 Bd7 13. Be3 Qc7 14. Nbd2 Rad8 15. Qe2 Rfe8 16. Rac1 d5 17. Bb1 dxe4 18. dxe4 c4 19. Nf1 Nb7 20. b4 cxb3 21. axb3 Nc5 22. N1d2 Bc6 23. Bxc5 Bxc5 24. b4 Bf8 25. Nb3 g6 26. Na5 Ba8 27. Qe3 Kg7 28. Nb3 h6 29. Re2 Bb7 30. Ra2 Bc8 31. Nfd2 Qc6 32. Ra1 Nh5 33. Nf3 Qc7 34. Bd3 Be6 35. Nbd2 Qd6 36. Bf1 Nf6 37. Rd1 Bc8 38. Be2 Qe6 39. Rdb1 Bb7 40. c4 bxc4 41. Bxc4 Qc8 42. Qa7 Rd6 43. Ra5 Re7 44. Qe3 Rc6 45. Qe2 Nd7 46. Qf1 Rb6 47. b5 axb5 48. Bxb5 Nf6 49. Bd3 Rxb1 50. Qxb1 Qc3 51. Rb5 Ba6 52. Rb3 Bxd3 53. Qxd3 Qxd3 54. Rxd3 Re6 55. Rb3 Nd7 56. Kf1 Kf6 57. Nc4 Nc5 58. Re3 Nd7 59. Re1 Bc5 60. Rd1 Nb6 61. Nb2 Rd6 62. Nd3 Nd7 63. Ke2 Bb6 64. Rc1 Re6 65. Rc8 Kg7 66. Rb8 Nxb8 0-1

[Event "VI Sunway Sitges Open 2019"]
[Site "Sitges"]
[Date "2019.12.15"]
[Round "3.14"]
[White "Praggnanandhaa R"]
[Black "Kjartansson, Gudmundur"]
[Result "1-0"]
[ECO "A09"]
[WhiteElo "2586"]
[BlackElo "2448"]
[Annotator "ChessBase"]
[PlyCount "67"]
[EventDate "2019.12.13"]
[EventType "swiss"]
[EventCountry "ESP"]
[SourceTitle "playchess.com"]
[Source "ChessBase"]
[SourceQuality "1"]
[TimeControl "40/5400+30:1800+30"]

1. Nf3 d5 2. g3 g6 3. c4 dxc4 4. Na3 Bg7 5. Nxc4 Nc6 6. d3 e5 7. Bd2 b5 8. Ne3 Nge7 9. Bg2 Rb8 10. O-O O-O 11. Rc1 h6 12. Rc5 Qd6 13. Qc2 Be6 14. Rc1 Rb6 15. b4 Ra6 16. a4 Nd4 17. Nxd4 exd4 18. Nf1 Rxa4 19. Bf4 Qa6 20. Rxc7 Nd5 21. Rc6 Qb7 22. Qc5 Nxf4 23. gxf4 Qb8 24. Rc7 Rd8 25. f5 Bxf5 26. Bd5 Rxd5 27. Qxd5 Qe8 28. Re1 Be6 29. Qb7 Kh7 30. Re7 Qd8 31. Qxb5 Qxe7 32. Qxa4 h5 33. Qa5 Qh4 34. Qxa7 1-0

[Event "VI Sunway Sitges Open 2019"]
[Site "Sitges"]
[Date "2019.12.15"]
[Round "3.16"]
[White "Peralta, Fernando"]
[Black "Batsiashvili, Nino"]
[Result "0-1"]
[ECO "E56"]
[WhiteElo "2577"]
[BlackElo "2447"]
[Annotator "ChessBase"]
[PlyCount "40"]
[EventDate "2019.12.13"]
[EventType "swiss"]
[EventCountry "ESP"]
[SourceTitle "playchess.com"]
[Source "ChessBase"]
[SourceQuality "1"]
[TimeControl "40/5400+30:1800+30"]

1. d4 Nf6 2. c4 e6 3. Nc3 Bb4 4. e3 O-O 5. Bd3 d5 6. Nf3 dxc4 7. Bxc4 c5 8. O-O Nc6 9. a3 Ba5 10. Ba2 h6 11. Qd3 Re8 12. Rd1 a6 13. Ne4 Nxe4 14. Qxe4 Bc7 15. h4 Qd6 16. Bd2 cxd4 17. exd4 Bd7 18. Rac1 Rad8 19. Bb1 f5 20. Qe2 Nxd4 0-1

[Event "VI Sunway Sitges Open 2019"]
[Site "Sitges"]
[Date "2019.12.15"]
[Round "3.17"]
[White "Vogel, Roven"]
[Black "Lopez Martinez, Josep Manuel"]
[Result "1/2-1/2"]
[ECO "D24"]
[WhiteElo "2457"]
[BlackElo "2561"]
[Annotator "ChessBase"]
[PlyCount "41"]
[EventDate "2019.12.13"]
[EventType "swiss"]
[EventCountry "ESP"]
[SourceTitle "playchess.com"]
[Source "ChessBase"]
[SourceQuality "1"]
[TimeControl "40/5400+30:1800+30"]

1. c4 e6 2. Nf3 d5 3. d4 Nf6 4. Nc3 dxc4 5. e4 Bb4 6. Bxc4 Nxe4 7. O-O Nxc3 8. bxc3 Bd6 9. Ng5 h6 10. Qh5 O-O 11. Ne4 f5 12. Nxd6 cxd6 13. Bxh6 gxh6 14. Qg6+ Kh8 15. Qxh6+ Kg8 16. Bxe6+ Bxe6 17. Qg6+ Kh8 18. Qh6+ Kg8 19. Qg6+ Kh8 20. Qh6+ Kg8 21. Qg6+ 1/2-1/2

[Event "VI Sunway Sitges Open 2019"]
[Site "Sitges"]
[Date "2019.12.15"]
[Round "3.18"]
[White "Dragnev, Valentin"]
[Black "Raja Harshit"]
[Result "1/2-1/2"]
[ECO "E05"]
[WhiteElo "2553"]
[BlackElo "2447"]
[Annotator "ChessBase"]
[PlyCount "60"]
[EventDate "2019.12.13"]
[EventType "swiss"]
[EventCountry "ESP"]
[SourceTitle "playchess.com"]
[Source "ChessBase"]
[SourceQuality "1"]
[TimeControl "40/5400+30:1800+30"]

1. d4 Nf6 2. c4 e6 3. Nf3 d5 4. g3 Be7 5. Bg2 O-O 6. O-O dxc4 7. Qc2 a6 8. a4 Bd7 9. Qxc4 Bc6 10. Bg5 Nbd7 11. Nc3 h6 12. Bxf6 Nxf6 13. Rfd1 Bd5 14. Qd3 Bxf3 15. Bxf3 c6 16. e4 Qa5 17. e5 Nd5 18. h4 Rfd8 19. h5 Nb4 20. Qe4 Rd7 21. Be2 Rad8 22. Rd2 c5 23. Rad1 cxd4 24. Rxd4 Rxd4 25. Rxd4 Rxd4 26. Qxd4 Nc6 27. Qd7 Qb4 28. Bxa6 bxa6 29. Qxc6 Qxb2 30. Kg2 Bb4 1/2-1/2

[Event "VI Sunway Sitges Open 2019"]
[Site "Sitges"]
[Date "2019.12.15"]
[Round "3.19"]
[White "Real De Azua, Ernesto"]
[Black "Gukesh D"]
[Result "1/2-1/2"]
[ECO "E49"]
[WhiteElo "2450"]
[BlackElo "2547"]
[Annotator "ChessBase"]
[PlyCount "116"]
[EventDate "2019.12.13"]
[EventType "swiss"]
[EventCountry "ESP"]
[SourceTitle "playchess.com"]
[Source "ChessBase"]
[SourceQuality "1"]
[TimeControl "40/5400+30:1800+30"]

1. d4 d5 2. c4 e6 3. Nc3 Bb4 4. a3 Bxc3+ 5. bxc3 Nf6 6. e3 O-O 7. cxd5 exd5 8. Bd3 b6 9. Ne2 Ba6 10. O-O Re8 11. f3 c5 12. Ng3 Bxd3 13. Qxd3 Nc6 14. Bb2 c4 15. Qe2 h5 16. Rae1 h4 17. Nf5 Ne7 18. Nxe7+ Qxe7 19. Qf2 h3 20. g4 Nh7 21. e4 dxe4 22. fxe4 Rac8 23. Bc1 Rc6 24. Qf3 Rg6 25. e5 Nf6 26. g5 Nh7 27. Qxh3 Nxg5 28. Bxg5 Rxg5+ 29. Kh1 Qxa3 30. Qf3 Qe7 31. d5 Rxe5 32. Rxe5 Qxe5 33. Qxf7+ Kh7 34. Qf3 Qe4 35. Qxe4+ Rxe4 36. d6 Re8 37. Rf7 Rd8 38. Rxa7 Rxd6 39. Rc7 Rd1+ 40. Kg2 Rd2+ 41. Kg1 b5 42. Rc5 Rb2 43. h4 Kg6 44. Kf1 Kh6 45. Rd5 Kh7 46. Rc5 Kg6 47. Rd5 Kh6 48. Rc5 g6 49. Rd5 Rb3 50. Kg2 Rxc3 51. Rxb5 Rd3 52. Rc5 c3 53. Kh2 Rd2+ 54. Kg3 c2 55. Rc7 Rd3+ 56. Kg4 Rd2 57. Kg3 Re2 58. Kg4 Rf2 1/2-1/2

[Event "VI Sunway Sitges Open 2019"]
[Site "Sitges"]
[Date "2019.12.15"]
[Round "3.20"]
[White "Shevchenko, Kirill"]
[Black "Esplugas Esteve, Vicenc"]
[Result "1-0"]
[ECO "A81"]
[WhiteElo "2547"]
[BlackElo "2366"]
[Annotator "ChessBase"]
[PlyCount "37"]
[EventDate "2019.12.13"]
[EventType "swiss"]
[EventCountry "ESP"]
[SourceTitle "playchess.com"]
[Source "ChessBase"]
[SourceQuality "1"]
[TimeControl "40/5400+30:1800+30"]

1. Nf3 d6 2. d4 f5 3. g3 Nf6 4. Bg2 g6 5. O-O Bg7 6. b3 a5 7. c4 O-O 8. Nc3 Nc6 9. Bb2 Ne4 10. Rc1 e5 11. dxe5 Nxc3 12. Bxc3 dxe5 13. Qd5+ Kh8 14. Qxd8 Rxd8 15. Ng5 Re8 16. Nf7+ Kg8 17. Bd5 Kf8 18. Ng5 h6 19. Bxc6 1-0

[Event "VI Sunway Sitges Open 2019"]
[Site "Sitges"]
[Date "2019.12.15"]
[Round "3.21"]
[White "Rafiee, Makan"]
[Black "Nasuta, Grzegorz"]
[Result "1/2-1/2"]
[ECO "C11"]
[WhiteElo "2335"]
[BlackElo "2545"]
[Annotator "ChessBase"]
[PlyCount "97"]
[EventDate "2019.12.13"]
[EventType "swiss"]
[EventCountry "ESP"]
[SourceTitle "playchess.com"]
[Source "ChessBase"]
[SourceQuality "1"]
[TimeControl "40/5400+30:1800+30"]

1. e4 e6 2. d4 d5 3. Nc3 Nf6 4. e5 Nfd7 5. f4 c5 6. Nce2 Nc6 7. c3 Be7 8. Nf3 O-O 9. h4 a5 10. Neg1 h6 11. Bd3 f5 12. g4 cxd4 13. cxd4 Bb4+ 14. Kf1 fxg4 15. Ng5 Ndxe5 16. dxe5 Nxe5 17. Bh7+ Kh8 18. Kg2 Nf7 19. Bg6 Nd6 20. Qxg4 e5 21. Qh5 exf4 22. Ne2 Ne8 23. Nf7+ Rxf7 24. Bxf7 Nf6 25. Qg6 f3+ 26. Kxf3 Bg4+ 27. Kf2 Qe7 28. Nf4 Rf8 29. Kg2 Rxf7 30. Qxg4 Nxg4 31. Ng6+ Kh7 32. Nxe7 Rxe7 33. Bf4 h5 34. Rad1 Re2+ 35. Kf3 Rf2+ 36. Kg3 Rxb2 37. Rxd5 Nf6 38. Be5 Rxa2 39. Bxf6 gxf6 40. Rxh5+ Kg6 41. Rb5 Bd6+ 42. Kf3 Be5 43. h5+ Kh6 44. Rxb7 Ra3+ 45. Ke4 Rg3 46. Ra7 a4 47. Ra8 a3 48. Kf5 Bb2 49. Rh8+ 1/2-1/2

[Event "VI Sunway Sitges Open 2019"]
[Site "Sitges"]
[Date "2019.12.15"]
[Round "3.22"]
[White "Risting, Eivind Olav"]
[Black "Li, Di"]
[Result "0-1"]
[ECO "D15"]
[WhiteElo "2307"]
[BlackElo "2543"]
[Annotator "RC"]
[PlyCount "168"]
[EventDate "2019.12.13"]
[EventType "swiss"]
[EventCountry "ESP"]
[SourceTitle "playchess.com"]
[Source "ChessBase"]
[SourceQuality "1"]
[TimeControl "40/5400+30:1800+30"]

1. d4 d5 2. c4 c6 3. Nc3 Nf6 4. e3 a6 5. Nf3 Bf5 6. Qb3 Ra7 7. Nh4 Bc8 8. Qc2 b5 9. b3 Nbd7 10. Nf3 e6 11. Bd3 Be7 12. O-O dxc4 13. bxc4 bxc4 14. Bxc4 c5 15. Rd1 Bb7 16. d5 exd5 17. Nxd5 Nxd5 18. Bxd5 Bxd5 19. Rxd5 Qa8 20. e4 O-O 21. Bb2 Nb6 22. Rh5 Qc6 23. Qc3 Qg6 24. Rf5 Na4 25. Qc2 Nxb2 26. Qxb2 Qe6 27. Qc2 Rd7 28. Re1 Rfd8 29. h3 Bf8 30. Ng5 Qg6 31. Nf3 Rb7 32. Rb1 Rc7 33. Re1 h6 34. Qc4 Qe6 35. Rd5 Rb7 36. Qd3 Rbd7 37. Rd1 Rd6 38. Qc4 Rb6 39. Qc2 Rdb8 40. e5 Rb2 41. Qa4 Rb1 42. R5d2 Rxd1+ 43. Rxd1 Be7 44. Qa5 Rb7 45. Qd2 Bf8 46. Qe2 Rb8 47. Qc2 g6 48. Qe2 Kg7 49. Qc2 Be7 50. Qa4 Kf8 51. Qf4 Kg7 52. Qa4 Rb7 53. Qa5 Kh7 54. Qa4 Rb5 55. Qc2 Rb4 56. Rd2 Kg7 57. Rd1 Kg8 58. Qd2 Kh7 59. Qc2 Kg7 60. Rd2 a5 61. Qc3 Kh7 62. Qc2 a4 63. Qc3 Rb1+ 64. Kh2 Rb7 65. Kg1 Rb4 66. Kh1 Qf5 67. Re2 Rb1+ 68. Re1 Qe4 69. Kh2 Rxe1 70. Qxe1 Qf4+ 71. Kg1 Qc4 72. Qd2 a3 73. Qd7 Bf8 74. Qd2 Qe4 75. h4 Kg8 76. Kh2 c4 77. Kg1 Qb1+ 78. Qe1 Qf5 79. Qc3 Qb1+ 80. Qe1 Qxa2 81. e6 Qb2 82. exf7+ Kg7 83. Qe4 a2 84. h5 Qb1+ 0-1

[Event "VI Sunway Sitges Open 2019"]
[Site "Sitges"]
[Date "2019.12.15"]
[Round "3.23"]
[White "Webb, Laurence E"]
[Black "Stefansson, Hannes"]
[Result "0-1"]
[ECO "A50"]
[WhiteElo "2296"]
[BlackElo "2538"]
[Annotator "ChessBase"]
[PlyCount "100"]
[EventDate "2019.12.13"]
[EventType "swiss"]
[EventCountry "ESP"]
[SourceTitle "playchess.com"]
[Source "ChessBase"]
[SourceQuality "1"]
[TimeControl "40/5400+30:1800+30"]

1. d4 Nf6 2. c4 b6 3. Nc3 Bb7 4. f3 d5 5. cxd5 Nxd5 6. Nxd5 Qxd5 7. e4 Qd6 8. Ne2 e5 9. Be3 Nd7 10. Nc3 a6 11. d5 Qg6 12. Qc2 Bc5 13. Bxc5 Nxc5 14. b4 Nd7 15. Bc4 b5 16. Bd3 Qd6 17. a3 Rc8 18. Qd2 Nb6 19. Qe3 c5 20. dxc6 Rxc6 21. Rc1 O-O 22. Kf2 Rfc8 23. Ne2 Na4 24. Rxc6 Rxc6 25. Rd1 Qd8 26. g3 Rd6 27. Rd2 Nb2 28. Rxb2 Rxd3 29. Qc5 Qf6 30. Ng1 Bxe4 31. Ke2 Rd5 32. Qe3 Bd3+ 33. Kf2 e4 34. Rd2 Re5 35. f4 Re6 36. Nh3 Qa1 37. g4 h6 38. f5 Rd6 39. Nf4 Qxa3 40. Qc5 Rd8 41. Nh5 Qa1 42. Qe3 Qe5 43. Nf4 Qd6 44. Ra2 Rc8 45. Kg2 Rc3 46. Ne2 Rc4 47. Qf4 Qc6 48. Qb8+ Kh7 49. Ng3 e3+ 50. Kh3 Qf3 0-1

[Event "VI Sunway Sitges Open 2019"]
[Site "Sitges"]
[Date "2019.12.15"]
[Round "3.24"]
[White "Narayanan, Srinath"]
[Black "Ajay Krishna, S."]
[Result "1-0"]
[ECO "B53"]
[WhiteElo "2529"]
[BlackElo "2302"]
[Annotator "ChessBase"]
[PlyCount "133"]
[EventDate "2019.12.13"]
[EventType "swiss"]
[EventCountry "ESP"]
[SourceTitle "playchess.com"]
[Source "ChessBase"]
[SourceQuality "1"]
[TimeControl "40/5400+30:1800+30"]

1. e4 c5 2. Nf3 d6 3. d4 cxd4 4. Qxd4 Nc6 5. Qe3 e6 6. Be2 Be7 7. O-O Nf6 8. Rd1 O-O 9. h3 Qc7 10. c4 Ne5 11. b3 a5 12. Nc3 Bd7 13. Nd4 a4 14. Ba3 axb3 15. axb3 Ng6 16. g3 Rfd8 17. Ndb5 Bxb5 18. Nxb5 Qc6 19. Bf3 e5 20. Bb4 Ra6 21. Bg2 Ne8 22. Na7 Qc7 23. Nb5 Qc6 24. Bf1 Rda8 25. Rac1 Qc8 26. Nc3 h6 27. h4 Qg4 28. Qe2 Qe6 29. Kh2 Bxh4 30. gxh4 Qf6 31. Nd5 Qxh4+ 32. Bh3 Nf6 33. Nxf6+ Qxf6 34. Rc2 Rb6 35. Bd2 Rxb3 36. Be3 Nh4 37. Qg4 Nf3+ 38. Kg2 Nd4 39. Rcd2 Ra5 40. Rd3 Rxd3 41. Rxd3 Rc5 42. Ra3 Rxc4 43. Ra8+ Kh7 44. Rb8 Rc7 45. Qh5 Qg6+ 46. Qxg6+ Kxg6 47. Rd8 Rc6 48. Bd7 Rc7 49. Ba4 Ne6 50. Rxd6 Kh7 51. Bb3 Nf4+ 52. Kf3 g5 53. Kg4 Kg7 54. Rb6 Ng2 55. Bd2 Nh4 56. Bd5 Rc2 57. Be3 Ng2 58. Rxb7 Nxe3+ 59. fxe3 Rf2 60. Re7 Kg6 61. Kg3 Rf1 62. Kg2 Rf6 63. Rxe5 g4 64. Kg3 h5 65. Kh4 Rf3 66. Rg5+ Kf6 67. e5+ 1-0

[Event "VI Sunway Sitges Open 2019"]
[Site "Sitges"]
[Date "2019.12.15"]
[Round "3.25"]
[White "Kiremitciyan, Ari"]
[Black "Krysa, Leandro"]
[Result "1/2-1/2"]
[ECO "E14"]
[WhiteElo "2270"]
[BlackElo "2527"]
[Annotator "ChessBase"]
[PlyCount "56"]
[EventDate "2019.12.13"]
[EventType "swiss"]
[EventCountry "ESP"]
[SourceTitle "playchess.com"]
[Source "ChessBase"]
[SourceQuality "1"]
[TimeControl "40/5400+30:1800+30"]

1. Nf3 d5 2. e3 Nf6 3. c4 e6 4. Nc3 b6 5. b3 Bb7 6. Bb2 Nbd7 7. cxd5 exd5 8. d4 Bd6 9. Bd3 O-O 10. O-O a6 11. Ne2 Re8 12. Ng3 Ne4 13. Rc1 Nxg3 14. hxg3 Nf6 15. Ne5 c5 16. Nf3 Ne4 17. dxc5 bxc5 18. Rc2 Qe7 19. Re1 a5 20. Bb5 Red8 21. Nd2 Ng5 22. Qa1 f6 23. Qd1 f5 24. Qe2 Ne6 25. Nf3 Nc7 26. Ba4 Ne6 27. Bb5 Nc7 28. Ba4 Ne6 1/2-1/2

[Event "VI Sunway Sitges Open 2019"]
[Site "Sitges"]
[Date "2019.12.15"]
[Round "3.34"]
[White "Mendonca, Leon Luke"]
[Black "Liang, Awonder"]
[Result "1/2-1/2"]
[ECO "D94"]
[WhiteElo "2398"]
[BlackElo "2593"]
[Annotator "ChessBase"]
[PlyCount "49"]
[EventDate "2019.12.13"]
[EventType "swiss"]
[EventCountry "ESP"]
[SourceTitle "playchess.com"]
[Source "ChessBase"]
[SourceQuality "1"]
[TimeControl "40/5400+30:1800+30"]

1. d4 Nf6 2. c4 g6 3. Nc3 d5 4. Nf3 Bg7 5. e3 O-O 6. cxd5 Nxd5 7. Bc4 e6 8. O-O b6 9. e4 Nxc3 10. bxc3 Bb7 11. Re1 c5 12. Bg5 Qd7 13. Qd2 cxd4 14. cxd4 Nc6 15. Rad1 Na5 16. Bd3 Rfc8 17. Qf4 Rc3 18. d5 exd5 19. e5 Qc7 20. Bf6 Bxf6 21. Qxf6 Re8 22. Qh4 Kg7 23. Qf6+ Kg8 24. Qh4 Kg7 25. Qf6+ 1/2-1/2